Map: Frozen Temple

Players

Fropez - Winner!

  • Race: Protoss Protoss
  • League: Silver
  • Spawn Location: 11:00

RatZsixPool

  • Race: Zerg Zerg
  • Spawn Location: 5:00

VOD

Have the link to the VOD?

Description

Time

  • Played on: June 20, 2016, 4:34 p.m.
  • Length: 8:27
Show
View Real Time Build Order
Export as new Build Order

Fropez Protoss - Winner!

Build Orders:  

Get SALT Encoding   

  12  0:01  Probe (Chrono Boost)  
  13  0:14  Pylon  
  13  0:18  Probe (Chrono Boost)  
  14  0:35  Probe (Chrono Boost), Gateway  
  15  0:49  Gateway  
  15  0:51  Probe (Chrono Boost)  
  16  0:59  Pylon  
  16  1:02  Probe (Chrono Boost)  
  17  1:12  Probe (Chrono Boost), Assimilator  
  18  1:22  Cybernetics Core  
  18  1:26  Probe (Chrono Boost)  
  19  1:36  Probe (Chrono Boost)  
  20  1:47  Probe (Chrono Boost)  
  20  1:49  Pylon  
  20  1:52  Assimilator  
  21  2:01  Adept x2  
  24  2:16  Warp Gate (Chrono Boost)  
  24  2:19  Probe  
  25  2:30  Adept  
  25  2:31  Adept  
  29  2:39  Probe  
  30  2:51  Probe  
  31  2:52  Pylon  
  31  3:11  Adept x2  
  31  3:45  Gateway  
  31  3:48  Twilight Council, Probe  
  29  4:04  Mothership Core (Chrono Boost)  
  32  4:15  Pylon  
  30  4:23  Probe (Chrono Boost)  
  31  4:25  Pylon  
  31  4:26  Resonating Glaives (Chrono Boost)  
  31  4:30  Adept x2  
  35  4:35  Probe  
  36  4:50  Forge  
  36  4:53  Probe  
  37  5:00  Pylon  
  37  5:09  Adept  
  37  5:11  Adept  
  41  5:27  Protoss Ground Weapons Level 1  
  41  5:41  Nexus  
  41  5:44  Gateway  
  41  5:45  Gateway  
  41  5:47  Adept x2, Pylon  
  45  5:50  Pylon  
  45  5:51  Probe  
  44  6:32  Adept x3  
  50  6:34  Probe  
  51  6:40  Gateway  
  51  6:42  Adept x2  
  51  6:46  Probe  
  54  6:58  Probe  
  54  7:00  Probe  
  52  7:10  Probe  
  53  7:17  Adept x2  
  53  7:18  Adept x3  
  63  7:24  Probe  
  64  7:32  Assimilator  
  64  7:34  Assimilator  
  64  7:43  Robotics Facility  
Show
View Real Time Build Order
Export as new Build Order

RatZsixPool Zerg 

Build Orders: Pool First 

Get SALT Encoding   

  12  0:02  Drone  
  13  0:15  Overlord  
  13  0:24  Drone  
  14  0:35  Overlord  
  14  0:40  Drone x2  
  16  0:50  Drone  
  17  0:57  Spawning Pool  
  17  1:00  Extractor  
  17  1:01  Drone  
  16  1:12  Drone  
  17  1:25  Drone  
  18  1:39  Drone  
  19  1:42  Drone  
  19  1:46  Queen  
  22  2:12  Zergling x4  
  24  2:23  Metabolic Boost  
  24  2:28  Drone x2  
  26  2:36  Drone  
  27  2:40  Lair  
  27  2:46  Hatchery  
  26  3:00  Drone x4  
  29  3:08  Zergling x2  
  29  3:21  Zergling x2  
  28  3:34  Zergling x8  
  29  3:49  Drone  
  29  3:50  Extractor  
  28  3:59  Drone x2  
  30  4:05  Queen  
  30  4:07  Overlord  
  32  4:12  Overlord  
  32  4:18  Drone  
  32  4:19  Drone x2  
  32  4:22  Drone  
  36  4:28  Drone  
  37  4:33  Drone x2  
  39  4:40  Extractor  
  39  4:41  Extractor, Drone x2  
  39  4:47  Drone  
  39  4:48  Drone x2  
  39  4:52  Drone  
  43  4:59  Drone  
  44  5:04  Baneling Nest  
  44  5:05  Evolution Chamber  
  42  5:09  Roach Warren  
  42  5:12  Hydralisk Den  
  42  5:13  Infestation Pit  
  39  5:18  Drone  
  39  5:19  Drone  
  41  5:23  Spire  
  40  5:38  Drone x4  
  44  5:43  Drone x2  
  44  5:44  Drone  
  47  5:53  Zerg Ground Armor Level 1  
  47  5:57  Muscular Augments  
  43  6:06  Drone x2  
  43  6:07  Drone x4  
  40  6:21  Roach x3  
  40  6:22  Roach  
  43  6:27  Drone  
  28  6:55  Drone  
  28  6:56  Drone x5  
  34  7:09  Drone x3  
  34  7:12  Drone  
  38  7:25  Roach  
  38  7:29  Roach  
  42  7:43  Drone x6  
  48  7:52  Drone x3  
  48  7:53  Drone  
  50  8:06  Roach  
  50  8:09  Overlord x2  
Tags
 
League
Silver
Matchup
PvZ
Opening
Pool First
Replay Pack
All Mines
Spawn Locations
Cross Positions
Add a new tag
Caveats
  • Supply blocks, unpowered buildings, or Contaminate may cause inaccurate times.
  • Supply counts are checked every 10 seconds.